 Dungeon Crawl Stone Soup version 0.22-a0-422-g9628fc87f1 (webtiles) character file.

15 Kriby the Ducker (level 2, -1/15 HPs)
             Began as a Spriggan Gladiator on May 19, 2018.
             Slain by a hobgoblin
             ... wielding a +0 club
              (8 damage)
             ... on level 1 of the Dungeon.
             The game lasted 00:00:23 (424 turns).

Kriby the Ducker (Spriggan Gladiator)                Turns: 424, Time: 00:00:24

Health: -1/15      AC:  2    Str: 10    XL:     2   Next: 34%
Magic:  3/3        EV: 20    Int:  9    God:
Gold:   26         SH:  0    Dex: 17    Spells: 1/1 levels left

rFire    . . .     SeeInvis +   a - +0 quarterstaff
rCold    . . .     Gourm    .   (shield currently unavailable)
rNeg     . . .     Faith    .   b - +0 robe
rPois    .         Spirit   .   c - +0 hat
rElec    .         Reflect  .   (no cloak)
rCorr    .         Harm     .   (gloves unavailable)
MR       .....                  (boots unavailable)
Stlth    ++........             (no amulet)
HPRegen  0.05/turn              (no ring)
MPRegen  0.08/turn              (no ring)

@: very quick
A: very small, unfitting armour, see invisible, herbivore, speed 3, slow
metabolism 2
a: no special abilities


You were on level 1 of the Dungeon.
You were not hungry.

You visited 1 branch of the dungeon, and saw 1 of its levels.

You collected 26 gold pieces.

Inventory:

Hand Weapons
 a - a +0 quarterstaff (weapon)
Missiles
 d - 3 throwing nets (quivered)
Armour
 b - a +0 robe (worn)
 c - a +0 hat (worn)
Scrolls
 e - a scroll of immolation {unknown}
 g - a scroll of identify {unknown}
Comestibles
 f - 3 rations {@e1}


   Skills:
 + Level 1.8 Fighting
 + Level 2.3 Staves
 - Level 2.0 Throwing
 * Level 5.0 Dodging


You had one spell level left.
You didn't know any spells.
Your spell library was empty.

Dungeon Overview and Level Annotations

Branches:
Dungeon (1/15)

Altars:


Innate Abilities, Weirdness & Mutations

You are very small and have problems with some larger weapons.
You are too small for most types of armour.
You have supernaturally acute eyesight. (SInv)
You are a herbivore.
You cover ground extremely quickly.
You need to consume almost no food.


Message History

There are monsters nearby!
You barely miss the hobgoblin.
The hobgoblin is heavily wounded.
The hobgoblin hits you with a club.
There are monsters nearby!
You hit the hobgoblin.
The hobgoblin is severely wounded.
The hobgoblin hits you with a club. The hobgoblin closely misses you.
There are monsters nearby!
There are monsters nearby!
You closely miss the hobgoblin.
The hobgoblin is severely wounded.
The goblin closely misses you. The hobgoblin closely misses you.
The goblin hits you with a dagger.
There are monsters nearby!
You hit the hobgoblin but do no damage.
The hobgoblin is severely wounded.
The goblin barely misses you. The hobgoblin hits you with a club!
Ouch! That really hurt!
You die...

### ...
##!#########
####..g.......#
......g@......#
##
....#.#######.#
#. . ..
#######.####.###
...
...............##
...
.#####..#####...#
.. ##..### #...#
....#... .
#.....###...##
........
#.###.........
.#.........
#.###.........


You could see a hobgoblin and a goblin.

Vanquished Creatures
  A dart slug (D:1)
  A leopard gecko (D:1)
  3 bats (D:1)
  A giant cockroach (D:1)
  3 goblins (D:1)
  A rat (D:1)
10 creatures vanquished.

Notes
Turn   | Place    | Note
-------+----------+-------------------------------------------
     0 | D:1      | Kriby the Spriggan Gladiator began the quest for the Orb.
     0 | D:1      | Reached XP level 1. HP: 10/10 MP: 2/2
   240 | D:1      | Reached XP level 2. HP: 12/15 MP: 3/3
   349 | D:1      | Reached skill level 5 in Dodging
   424 | D:1      | Slain by a hobgoblin

Vault maps used:
D:1:      sevenhm_arrival_forest_fort_small_4

Skill      XL: |  1  2 |
---------------+-------+-----
Dodging        | 5 |  5.0
Fighting       | |  1.8
Staves         | |  2.3
Throwing       | |  2.0

Action                   || total
-------------------------++-------
Melee: Quarterstaff      ||    33
 Stab: Sleeping          ||     1
Dodge: Dodged            ||    26

Table legend:
 A = Spawn XP
 B = Non-spawn XP
 C = Spawn XP percentage of total XP
 D = Spawn monster count
 E = Non-spawn monster count
 F = Spawn count percentage of total count
 G = Total turns spent on level
                    A         B        C        D         E        F      G
               +---------+---------+-------+---------+---------+-------+---------
         Total |       0 |      22 |   0.0 |       0 |      10 |   0.0 |   424
               +---------+---------+-------+---------+---------+-------+---------
           D:1 |       0 |      22 |   0.0 |       0 |      10 |   0.0 |   424
               +---------+---------+-------+---------+---------+-------+---------
